PAA
ASHEVILLE HIGHLANDERS @ SUN PRAIRIE SWALLOWS
07/17/2025
 
TOP OF THE 1ST
Asheville Highlanders batting - Pitching for Sun Prairie Swallows : LHP Xavier Padilla
Pitching: LHP Xavier Padilla
Batting: RHB Chris Oudekirk 0-0: Ball
1-0: Ball
2-0: SINGLE (Line Drive, 34)
Batting: RHB Edén Mont 0-0: Called Strike
0-1: Ball
1-1: Swinging Strike
1-2: Foul Ball, location: 2F
1-2: Strikes out swinging
Batting: RHB Bryce Bancroft 0-0: Ball
1-0: Swinging Strike
1-1: Fly out, F9 (Flyball, 9)
Batting: RHB Corey Vaughn 0-0: Swinging Strike
0-1: Swinging Strike
0-2: Ball
Wild Pitch!
Chris Oudekirk to second
1-2: SINGLE (Groundball, 5D)
Chris Oudekirk to third
Runner from 3rd tries for Home, SAFE, no throw
Batting: RHB Paco Vásquez 0-0: Ball
1-0: Ball
2-0: Fly out, F9 (Flyball, 89M)
Top of the 1st over - 1 run(s), 2 hit(s), 0 error(s), 1 left on base; Asheville 1 - Sun Prairie 0
BOTTOM OF THE 1ST
Sun Prairie Swallows batting - Pitching for Asheville Highlanders : LHP Jim Unknown
Pitching: LHP Jim Unknown
Batting: RHB José Silva 0-0: Foul Ball, location: 2F
0-1: Swinging Strike
0-2: Foul Ball, location: 2F
0-2: SINGLE (Line Drive, 4MD)
Batting: RHB Ghislain Vespucci 0-0: Called Strike
0-1: Grounds into double play, 5-4-3 (Groundball, 56)
Batting: LHB Jorge Borbón 0-0: Called Strike
0-1: Ball
1-1: Swinging Strike
1-2: Ball
2-2: Strikes out swinging
Bottom of the 1st over - 0 run(s), 1 hit(s), 0 error(s), 0 left on base; Asheville 1 - Sun Prairie 0
TOP OF THE 2ND
Asheville Highlanders batting - Pitching for Sun Prairie Swallows : LHP Xavier Padilla
Batting: SHB Alejandro Castillo 0-0: Called Strike
0-1: Called Strike
0-2: Ball
1-2: Ball
2-2: Foul Ball, location: 2F
2-2: Ball
3-2: Strikes out looking
Batting: SHB John Pemperton 0-0: Swinging Strike
0-1: Ball
1-1: Called Strike
1-2: Strikes out swinging
Batting: RHB César Garza 0-0: Foul Ball, location: 2F
0-1: Foul Ball, location: 2F
0-2: Ground out 3-1 (Groundball, 34)
Top of the 2nd over - 0 run(s), 0 hit(s), 0 error(s), 0 left on base; Asheville 1 - Sun Prairie 0
BOTTOM OF THE 2ND
Sun Prairie Swallows batting - Pitching for Asheville Highlanders : LHP Jim Unknown
Batting: RHB Luis Hernández 0-0: Ball
1-0: Called Strike
1-1: Called Strike
1-2: Foul Ball, location: 2F
1-2: Ball
2-2: Ground out 5-3 (Groundball, 5)
Batting: LHB Carlos Garza 0-0: Called Strike
0-1: Called Strike
0-2: Ball
1-2: SINGLE (Groundball, 56D)
Batting: RHB José Sánchez 0-0: Called Strike
0-1: Ball
1-1: Called Strike
Carlos Garza steals 2nd base
1-2: SINGLE (Groundball, 6MD)
Carlos Garza to third
Runner from 3rd tries for Home, SAFE, no throw
Batting: RHB Matías Torrella 0-0: Ball
1-0: SINGLE (Groundball, 56D)
José Sánchez to second
Batting: RHB Dan Hart 0-0: Ball
1-0: Swinging Strike
1-1: Foul Ball, location: 2F
1-2: Ball
2-2: Ball
3-2: Base on Balls
José Sánchez to third
Matías Torrella to second
Batting: RHB Darby Carveth 0-0: Ball
1-0: Called Strike
1-1: Called Strike
1-2: Foul Ball, location: 2F
1-2: Fly out, F9 (Flyball, 9S)
Batting: RHB José Silva 0-0: Ball
1-0: Called Strike
1-1: Ball
2-1: Foul Ball, location: 2F
2-2: Foul Ball, location: 2F
2-2: Strikes out looking
Bottom of the 2nd over - 1 run(s), 3 hit(s), 0 error(s), 3 left on base; Asheville 1 - Sun Prairie 1
TOP OF THE 3RD
Asheville Highlanders batting - Pitching for Sun Prairie Swallows : LHP Xavier Padilla
Batting: RHB Moisés Quintana 0-0: Called Strike
0-1: Swinging Strike
0-2: Foul Ball, location: 2F
0-2: Ball
1-2: Ball
2-2: Foul Ball, location: 2F
2-2: Ball
3-2: Strikes out looking
Batting: RHB Chris Oudekirk 0-0: Foul Ball, location: 2F
0-1: Ball
1-1: Foul Ball, location: 2F
1-2: Foul Ball, location: 2F
1-2: Ground out 5-3 (Groundball, 56)
Batting: RHB Edén Mont 0-0: Ball
1-0: Fly out, F8 (Flyball, 8RM)
Top of the 3rd over - 0 run(s), 0 hit(s), 0 error(s), 0 left on base; Asheville 1 - Sun Prairie 1
BOTTOM OF THE 3RD
Sun Prairie Swallows batting - Pitching for Asheville Highlanders : LHP Jim Unknown
Batting: RHB Ghislain Vespucci 0-0: Called Strike
0-1: Ball
1-1: Ball
2-1: Fly out, F5 (Popup, 5S)
Batting: LHB Jorge Borbón 0-0: Ball
1-0: Fly out, F8 (Flyball, 8RXD)
Batting: RHB Luis Hernández 0-0: Fly out, F4 (Popup, 34D)
Bottom of the 3rd over - 0 run(s), 0 hit(s), 0 error(s), 0 left on base; Asheville 1 - Sun Prairie 1
TOP OF THE 4TH
Asheville Highlanders batting - Pitching for Sun Prairie Swallows : LHP Xavier Padilla
Batting: RHB Bryce Bancroft 0-0: Called Strike
0-1: Swinging Strike
0-2: Ground out 4-3 (Groundball, 4)
Batting: RHB Corey Vaughn 0-0: Ball
1-0: Ground out 6-3 (Groundball, 6)
Batting: RHB Paco Vásquez 0-0: Called Strike
0-1: Ball
1-1: Fly out, F7 (Flyball, 7)
Top of the 4th over - 0 run(s), 0 hit(s), 0 error(s), 0 left on base; Asheville 1 - Sun Prairie 1
BOTTOM OF THE 4TH
Sun Prairie Swallows batting - Pitching for Asheville Highlanders : LHP Jim Unknown
Batting: LHB Carlos Garza 0-0: Ball
1-0: Ball
2-0: Called Strike
2-1: Foul Ball, location: 2F
2-2: Ball
3-2: Base on Balls
Batting: RHB José Sánchez 0-0: Called Strike
0-1: Swinging Strike
0-2: Ball
1-2: Fly out, F8 (Flyball, 8RXD)
Batting: RHB Matías Torrella 0-0: Called Strike
Carlos Garza steals 2nd base
0-1: Ball
1-1: Called Strike
1-2: Ball
2-2: Ground out 6-3 (Groundball, 6D)
Carlos Garza to third
Batting: RHB Dan Hart 0-0: Ball
1-0: Ground out 5-3 (Groundball, 5)
Bottom of the 4th over - 0 run(s), 0 hit(s), 0 error(s), 1 left on base; Asheville 1 - Sun Prairie 1
TOP OF THE 5TH
Asheville Highlanders batting - Pitching for Sun Prairie Swallows : LHP Xavier Padilla
Batting: SHB Alejandro Castillo 0-0: Foul Ball, location: 2F
0-1: Ball
1-1: Ball
2-1: DOUBLE (Line Drive, 8RXD)
Batting: SHB John Pemperton 0-0: Swinging Strike
0-1: Called Strike
0-2: Strikes out swinging
Batting: RHB César Garza 0-0: Ground out 5-3 (Groundball, 56)
Batting: RHB Moisés Quintana 0-0: Swinging Strike
0-1: Foul Ball, location: 2F
0-2: Strikes out swinging
Top of the 5th over - 0 run(s), 1 hit(s), 0 error(s), 1 left on base; Asheville 1 - Sun Prairie 1
BOTTOM OF THE 5TH
Sun Prairie Swallows batting - Pitching for Asheville Highlanders : LHP Jim Unknown
Batting: RHB Darby Carveth 0-0: Ball
1-0: Called Strike
1-1: Ball
2-1: Foul Ball, location: 2F
2-2: Ball
3-2: Foul Ball, location: 2F
3-2: Foul Ball, location: 2F
3-2: Fly out, F3 (Flyball, 3D)
Batting: RHB José Silva 0-0: Ball
1-0: Ground out 4-3 (Groundball, 4)
Batting: RHB Ghislain Vespucci 0-0: Ground out 5-3 (Groundball, 56)
Bottom of the 5th over - 0 run(s), 0 hit(s), 0 error(s), 0 left on base; Asheville 1 - Sun Prairie 1
TOP OF THE 6TH
Asheville Highlanders batting - Pitching for Sun Prairie Swallows : LHP Xavier Padilla
Batting: RHB Chris Oudekirk 0-0: Called Strike
0-1: Ball
1-1: Foul Ball, location: 2F
1-2: Strikes out swinging
Batting: RHB Edén Mont 0-0: Ball
1-0: Called Strike
1-1: Ball
2-1: SOLO HOME RUN (Flyball, 7D), Distance : 388 ft
Batting: RHB Bryce Bancroft 0-0: Fly out, F9 (Flyball, 9S)
Batting: RHB Corey Vaughn 0-0: Ball
1-0: Ball
2-0: Ground out 5-3 (Groundball, 56S)
Top of the 6th over - 1 run(s), 1 hit(s), 0 error(s), 0 left on base; Asheville 2 - Sun Prairie 1
BOTTOM OF THE 6TH
Sun Prairie Swallows batting - Pitching for Asheville Highlanders : LHP Jim Unknown
Batting: LHB Jorge Borbón 0-0: Ball
1-0: Called Strike
1-1: Foul Ball, location: 2F
1-2: Foul Ball, location: 2F
1-2: Ball
2-2: Fly out, F8 (Flyball, 8RM)
Batting: RHB Luis Hernández 0-0: Ball
1-0: Foul Ball, location: 2F
1-1: SINGLE (Groundball, 6MD)
Batting: LHB Carlos Garza 0-0: Called Strike
0-1: Ball
1-1: Ball
2-1: Ball
3-1: SINGLE (Flyball, 78S)
Luis Hernández to second
Batting: RHB José Sánchez 0-0: Called Strike
0-1: Fly out, F9 (Flyball, 9S)
Batting: RHB Matías Torrella 0-0: Called Strike
0-1: Ball
1-1: SINGLE (Line Drive, 6D)
Luis Hernández to third
Carlos Garza to second
Throwing error, E7
Luis Hernández scores
Carlos Garza to third
Matías Torrella to second
Batting: RHB Dan Hart 0-0: Called Strike
0-1: Swinging Strike
0-2: Ball
1-2: Foul Ball, location: 2F
1-2: Ball
2-2: Foul Ball, location: 2F
2-2: Ball
3-2: SINGLE (Line Drive, 8RS)
Carlos Garza scores
Matías Torrella to third
Matías Torrella scores
Batting: RHB Darby Carveth 0-0: Ball
1-0: SINGLE (Groundball, 56D)
Dan Hart to second
Batting: RHB José Silva 0-0: Ball
1-0: Foul Ball, location: 2F
1-1: Ball
2-1: Ball
3-1: Base on Balls
Dan Hart to third
Darby Carveth to second
Batting: RHB Ghislain Vespucci 0-0: Ball
1-0: Ball
2-0: Foul Ball, location: 2F
2-1: Ball
3-1: Base on Balls
Dan Hart scores
Darby Carveth to third
José Silva to second
Pitching: RHP Gus Gamble
Batting: LHB Jorge Borbón 0-0: DOUBLE (Line Drive, 78XD)
Darby Carveth scores
José Silva scores
Ghislain Vespucci to third
Runner from 3rd tries for Home, SAFE, no throw
Batting: RHB Luis Hernández 0-0: Fly out, F4 (Popup, 4)
Bottom of the 6th over - 7 run(s), 6 hit(s), 1 error(s), 1 left on base; Asheville 2 - Sun Prairie 8
TOP OF THE 7TH
Asheville Highlanders batting - Pitching for Sun Prairie Swallows : LHP Xavier Padilla
Batting: RHB Paco Vásquez 0-0: Ball
1-0: Called Strike
1-1: Ball
2-1: Called Strike
2-2: Foul Ball, location: 2F
2-2: SINGLE (Flyball, 9LM)
Batting: SHB Alejandro Castillo 0-0: Called Strike
0-1: Ball
1-1: Foul Ball, location: 2F
1-2: Ball
2-2: Fly out, F4 (Popup, 4MD)
Pitching: RHP Sherwood Lang
Batting: SHB John Pemperton 0-0: Foul Ball, location: 2F
0-1: Ball
1-1: Foul Ball, location: 2F
1-2: Ball
2-2: Ball
3-2: Base on Balls
Paco Vásquez to second
Batting: RHB César Garza 0-0: Foul Ball, location: 2F
0-1: Foul Ball, location: 2F
0-2: Strikes out swinging
Batting: RHB Moisés Quintana 0-0: DOUBLE (Flyball, 89XD)
Paco Vásquez scores
John Pemperton to third
Batting: RHB Chris Oudekirk 0-0: Swinging Strike
0-1: Ball
1-1: Swinging Strike
1-2: Strikes out looking
Top of the 7th over - 1 run(s), 2 hit(s), 0 error(s), 2 left on base; Asheville 3 - Sun Prairie 8
BOTTOM OF THE 7TH
Sun Prairie Swallows batting - Pitching for Asheville Highlanders : RHP Gus Gamble
Batting: LHB Carlos Garza 0-0: Ball
1-0: Foul Ball, location: 2F
1-1: Ground out 1-3 (Groundball, 15S)
Batting: RHB José Sánchez 0-0: Called Strike
0-1: Called Strike
0-2: Strikes out swinging
Batting: RHB Matías Torrella 0-0: Called Strike
0-1: Swinging Strike
0-2: Ball
1-2: Strikes out looking
Bottom of the 7th over - 0 run(s), 0 hit(s), 0 error(s), 0 left on base; Asheville 3 - Sun Prairie 8
TOP OF THE 8TH
Asheville Highlanders batting - Pitching for Sun Prairie Swallows : RHP Sherwood Lang
Now in CF: Alfonso López
Batting: RHB Edén Mont 0-0: Swinging Strike
0-1: Ball
1-1: Ball
2-1: Ball
3-1: Ground out 1-3 (Groundball, 13)
Batting: RHB Bryce Bancroft 0-0: SINGLE (Groundball, 4D)
Batting: RHB Corey Vaughn 0-0: Called Strike
0-1: Called Strike
0-2: Ball
1-2: Strikes out swinging
Batting: RHB Paco Vásquez 0-0: Called Strike
0-1: Ball
1-1: Swinging Strike
1-2: Strikes out swinging
Top of the 8th over - 0 run(s), 1 hit(s), 0 error(s), 1 left on base; Asheville 3 - Sun Prairie 8
BOTTOM OF THE 8TH
Sun Prairie Swallows batting - Pitching for Asheville Highlanders : RHP Gus Gamble
Batting: RHB Dan Hart 0-0: Fly out, F4 (Popup, 4)
Batting: RHB Darby Carveth 0-0: Ball
1-0: Ball
2-0: Called Strike
2-1: Ball
3-1: Foul Ball, location: 2F
3-2: Foul Ball, location: 2F
3-2: Base on Balls
Batting: RHB José Silva 0-0: Ball
1-0: Reached on error, E5 (Groundball, 56)
Darby Carveth to second
Batting: RHB Ghislain Vespucci 0-0: Called Strike
0-1: Fly out, F6 (Line Drive, 6)
Batting: LHB Jorge Borbón 0-0: Foul Ball, location: 2F
0-1: Ball
1-1: SINGLE (Line Drive, 4D)
Darby Carveth to third
José Silva to second
Runner from 3rd tries for Home, SAFE, throw made at trailing runner, SAFE at third!
Batting: RHB Luis Hernández 0-0: Ball
1-0: Ball
2-0: Called Strike
2-1: Ball
3-1: Base on Balls
Jorge Borbón to second
Batting: LHB Carlos Garza 0-0: Called Strike
0-1: SINGLE (Line Drive, 8RS)
José Silva scores
Jorge Borbón to third
Luis Hernández to second
Batting: RHB José Sánchez 0-0: Fielders Choice at 2nd, 4-6 (Groundball, 4)
Bottom of the 8th over - 2 run(s), 2 hit(s), 1 error(s), 2 left on base; Asheville 3 - Sun Prairie 10
TOP OF THE 9TH
Asheville Highlanders batting - Pitching for Sun Prairie Swallows : RHP Sherwood Lang
Batting: SHB Alejandro Castillo 0-0: Fly out, F3 (Popup, 3D)
Batting: SHB John Pemperton 0-0: Ball
1-0: Ball
2-0: Ground out 4-3 (Groundball, 4)
Batting: RHB César Garza 0-0: Ball
1-0: Called Strike
1-1: Ball
2-1: Ground out 4-3 (Groundball, 4)
Top of the 9th over - 0 run(s), 0 hit(s), 0 error(s), 0 left on base; Asheville 3 - Sun Prairie 10
Friday, December 30th, 2016 - OOTP Baseball 17.12 Build 75